 Dungeon Crawl Stone Soup version 0.21-a0-346-g330ab2c (webtiles) character file.

473 Amnesiac the Chiller (level 7, 0/50 HPs)
             Began as a Gnoll Ice Elementalist on Oct 5, 2017.
             Slain by an orc
             ... wielding a +0 hand axe
              (1 damage)
             ... on level 5 of the Dungeon.
             The game lasted 00:04:44 (1284 turns).

Amnesiac the Chiller (Gnoll Ice Elementalist)       Turns: 1284, Time: 00:04:45

Health: 0/50       AC:  9    Str: 10    XL:     7   Next: 10%
Magic:  6/15       EV: 15    Int: 19    God:
Gold:   170        SH:  0    Dex: 16    Spells: 3/17 levels left

rFire    . . .     SeeInvis .   q - staff of cold (curse)
rCold    + . .     Gourm    .   (no shield)
rNeg     . . .     Faith    .   a - +0 robe
rPois    .         Spirit   .   (no helmet)
rElec    .         Reflect  .   (no cloak)
rCorr    .         Harm     .   (no gloves)
MR       .....                  (no boots)
Stlth    +++.......             (no amulet)
HPRegen  0.16/turn              (no ring)
MPRegen  0.14/turn              (no ring)

@: icy armour, berserk cooldown, flying, slowed, very slow
A: distributed training, fangs 1, strong nose
a: no special abilities


You were on level 5 of the Dungeon.
You were not hungry.

You visited 1 branch of the dungeon, and saw 5 of its levels.

You collected 170 gold pieces.

Inventory:

Missiles
 r - 12 poisoned needles
Armour
 a - a +0 robe (worn)
 n - a +2 shield
Magical Staves
 q - a cursed staff of cold (weapon)
Jewellery
 i - an uncursed amulet of magic regeneration {unknown}
Scrolls
 d - a scroll of remove curse {!r, unknown}
 e - 3 scrolls of identify {!r, unknown}
 f - a scroll of magic mapping {!r, unknown}
 g - 2 scrolls of enchant armour {!r, unknown}
 h - a scroll of fog {!r, unknown}
 j - a scroll of random uselessness {!r, unknown}
 m - a scroll of immolation {!r}
Books
 b - a book of Frost

   Spells                             Type                      Level
   a - Freeze                         Ice                          1
   b - Throw Frost                    Conjuration/Ice              2
   c - Ozocubu's Armour               Charms/Ice                   3
   d - Throw Icicle                   Conjuration/Ice              4
   e - Summon Ice Beast               Ice/Summoning                4
 k - a book of Minor Magic

   Spells                             Type                      Level
   a - Magic Dart                     Conjuration                  1
   b - Blink                          Translocation                2
   c - Call Imp                       Summoning                    2
   d - Slow                           Hexes                        2
   e - Conjure Flame                  Conjuration/Fire             3
   f - Mephitic Cloud                 Conjuration/Poison/Air       3
Comestibles
 c - a bread ration
 l - 2 chunks of flesh


   Skills:
 + Level 2.2 Fighting
 + Level 2.2 Short Blades
 + Level 2.2 Long Blades
 + Level 2.2 Axes
 + Level 2.2 Maces & Flails
 + Level 2.2 Polearms
 + Level 2.2 Staves
 + Level 2.2 Slings
 + Level 2.2 Bows
 + Level 2.2 Crossbows
 + Level 2.2 Throwing
 + Level 2.2 Armour
 + Level 5.1 Dodging
 + Level 4.7 Stealth
 + Level 2.2 Shields
 + Level 2.2 Unarmed Combat
 + Level 5.5 Spellcasting
 + Level 3.4 Conjurations
 + Level 2.2 Hexes
 + Level 2.2 Charms
 + Level 2.2 Summonings
 + Level 2.2 Necromancy
 + Level 2.2 Translocations
 + Level 2.2 Transmutations
 + Level 2.2 Fire Magic
 + Level 6.9 Ice Magic
 + Level 2.2 Air Magic
 + Level 2.2 Earth Magic
 + Level 2.2 Poison Magic
 + Level 2.2 Invocations
 + Level 2.2 Evocations


You had 3 spell levels left.
You knew the following spells:

 Your Spells              Type           Power        Failure   Level  Hunger
a - Freeze                Ice            ####         1%          1    None
b - Ozocubu's Armour      Chrm/Ice       ####....     5%          3    ##.....
d - Throw Icicle          Conj/Ice       #####...     14%         4    ####...
e - Mephitic Cloud        Conj/Pois/Air  ###.....     12%         3    ##.....
s - Conjure Flame         Conj/Fire      ###.....     11%         3    ##.....


Dungeon Overview and Level Annotations

Branches:
Dungeon (5/15)
 Temple: D:4-7

Altars:
Makhleb

Annotations:
D:5 Grinder


Innate Abilities, Weirdness & Mutations

Your experience applies equally to all skills.
You have very sharp teeth.
Your uncanny sense of smell can sniff out nearby items.


Message History

The fire ignites!
The orc wizard points at you and mumbles some strange words.
The puff of flame hits you!
* * * LOW HITPOINT WARNING * * *
The heat melts your icy armour. The orc wizard casts a spell at you.
The magic dart hits you!
* * * LOW HITPOINT WARNING * * *
The phantom blinks!
Really quaff
o - a fuming purple potion {!q}?
It was a potion of berserk rage {!q}.
A red film seems to cover your vision as you go berserk!
You feel yourself moving faster!
You feel mighty!
The phantom blinks!
You feel a strong urge to attack something.
The orc wizard barely misses you.
You hit the orc wizard!
The orc wizard is heavily wounded.
The orc wizard gestures at you while chanting.
The puff of flame hits you!
* * * LOW HITPOINT WARNING * * *
The heat melts your icy armour.
You hit the orc wizard.
The orc wizard is almost dead.
An orc priest comes into view.
You hit the orc wizard.
You kill the orc wizard!
The orc priest moves out of view.
You hit the crimson imp!
The crimson imp is severely wounded.
The crimson imp blinks!
The phantom is engulfed in blazing flames.
The phantom hits you but does no damage.
The crimson imp grins evilly.
You closely miss the phantom.
The phantom is moderately damaged.
The phantom is engulfed in blazing flames.
The phantom barely misses you.
You closely miss the phantom.
The phantom is severely damaged.
You hit the phantom!
The phantom is almost destroyed.
The phantom completely misses you.
The crimson imp blinks!
You barely miss the phantom.
The phantom is almost destroyed.
You are no longer berserk.
You are exhausted.
You feel yourself slow down. The phantom hits you.
* * * LOW HITPOINT WARNING * * *
You closely miss the phantom.
The phantom is almost destroyed.
The phantom barely misses you.
Really quaff
p - a viscous inky potion {!q}?
It was a potion of flight {!q}.
You feel very buoyant.
You fly up into the air.
The phantom misses you. The orc hits you with a hand axe.
* * * LOW HITPOINT WARNING * * *
The phantom barely misses you.
Really read
m - 2 scrolls labeled PEPSAD IFATICH {!r}?
As you read the scroll labeled PEPSAD IFATICH {!r}, it crumbles to dust.
The creatures around you are filled with an inner flame!
It was a scroll of immolation {!r}.
The phantom blinks!
The orc hits you with a hand axe.
You die...

#.............%#.
#.......$........ .
#..............# o
#..............#.#
#..............#.#
#........W.......
#..........##..#
#........5ยง##o.#.##
###########@o.....#
#.#.##### #)..#
#####


You could see a phantom (inner flame), an orc priest (inner flame), a crimson
imp (inner flame) and an orc (inner flame).

Vanquished Creatures
  2 centaurs (D:5)
  3 crimson imps
  2 iguanas (D:4)
  3 orc wizards
  3 adders
  An adder skeleton (D:4)
  A worm (D:4)
  A dart slug (D:2)
  A leopard gecko (D:4)
  16 orcs
  A giant cockroach (D:3)
  A goblin (D:1)
  A jackal (D:4)
  3 quokkas
  A ball python (D:3)
  A bat (D:3)
  A frilled lizard (D:2)
  2 kobolds
  A rat (D:2)
45 creatures vanquished.

Notes
Turn   | Place    | Note
-------+----------+-------------------------------------------
     0 | D:1      | Amnesiac the Gnoll Ice Elementalist began the quest for the Orb.
     0 | D:1      | Reached XP level 1. HP: 13/13 MP: 6/6
    76 | D:2      | Noticed a sky beast
   132 | D:2      | Reached XP level 2. HP: 18/20 MP: 5/7
   185 | D:4      | Reached skill level 5 in Spellcasting
   185 | D:4      | Reached XP level 3. HP: 21/25 MP: 4/9
   190 | D:4      | Learned a level 3 spell: Ozocubu's Armour
   238 | D:5      | Entered Level 5 of the Dungeon
   453 | D:4      | Reached skill level 1 in Fighting
   453 | D:4      | Reached skill level 1 in Short Blades
   453 | D:4      | Reached skill level 1 in Long Blades
   453 | D:4      | Reached skill level 1 in Axes
   453 | D:4      | Reached skill level 1 in Maces & Flails
   453 | D:4      | Reached skill level 1 in Polearms
   453 | D:4      | Reached skill level 1 in Staves
   453 | D:4      | Reached skill level 1 in Slings
   453 | D:4      | Reached skill level 1 in Bows
   453 | D:4      | Reached skill level 1 in Crossbows
   453 | D:4      | Reached skill level 1 in Throwing
   453 | D:4      | Reached skill level 1 in Armour
   453 | D:4      | Reached skill level 1 in Shields
   453 | D:4      | Reached skill level 1 in Unarmed Combat
   453 | D:4      | Reached skill level 1 in Hexes
   453 | D:4      | Reached skill level 1 in Charms
   453 | D:4      | Reached skill level 1 in Summonings
   453 | D:4      | Reached skill level 1 in Necromancy
   453 | D:4      | Reached skill level 1 in Translocations
   453 | D:4      | Reached skill level 1 in Transmutations
   453 | D:4      | Reached skill level 1 in Fire Magic
   453 | D:4      | Reached skill level 1 in Air Magic
   453 | D:4      | Reached skill level 1 in Earth Magic
   453 | D:4      | Reached skill level 1 in Poison Magic
   453 | D:4      | Reached skill level 1 in Invocations
   453 | D:4      | Reached skill level 1 in Evocations
   453 | D:4      | Reached XP level 4. HP: 20/32 MP: 4/11
   663 | D:4      | Reached XP level 5. HP: 25/37 MP: 4/12
   670 | D:4      | Found a burning altar of Makhleb.
   716 | D:3      | Learned a level 3 spell: Conjure Flame
   721 | D:3      | Learned a level 4 spell: Throw Icicle
   725 | D:3      | Learned a level 3 spell: Mephitic Cloud
  1063 | D:5      | Noticed a centaur
  1069 | D:5      | Killed a centaur
  1069 | D:5      | Reached XP level 6. HP: 31/44 MP: 2/13
  1201 | D:4      | Reached skill level 5 in Dodging
  1223 | D:5      | Noticed Grinder
  1255 | D:5      | Noticed a phantom
  1263 | D:5      | Reached XP level 7. HP: 15/50 MP: 6/15
  1283 | D:5      | HP: 1/50 [orc/hand axe (4)]
  1284 | D:5      | Slain by an orc

Vault maps used:
D:1:      lemuel_arrival_room, hangedman_decor_growths, minmay_crystal_water,
          corexii_item_surrounded_by_moat
D:2:      lemuel_crystal_altar, doesnt_xom_only_xom, lemuel_crystal_altar,
          serial_undead, serial_undead_c, serial_undead_a, serial_undead_f,
          serial_undead_a, uniq_sigmund
D:3:      first_bread, uniq_crazy_yiuf_cottage
D:4:      kennysheep_mini_moat, serial_park_tiny_pond
D:5:      uniq_grinder

Skill      XL: |  1  2  3  4  5  6 |
---------------+-------------------+-----
Spellcasting   | 5 |  5.5
Fighting       | 1 2 |  2.2
Short Blades   | 1 2 |  2.2
Long Blades    | 1 2 |  2.2
Axes           | 1 2 |  2.2
Maces & Flails | 1 2 |  2.2
Polearms       | 1 2 |  2.2
Staves         | 1 2 |  2.2
Slings         | 1 2 |  2.2
Bows           | 1 2 |  2.2
Crossbows      | 1 2 |  2.2
Throwing       | 1 2 |  2.2
Armour         | 1 2 |  2.2
Shields        | 1 2 |  2.2
Unarmed Combat | 1 2 |  2.2
Hexes          | 1 2 |  2.2
Charms         | 1 2 |  2.2
Summonings     | 1 2 |  2.2
Necromancy     | 1 2 |  2.2
Translocations | 1 2 |  2.2
Transmutations | 1 2 |  2.2
Fire Magic     | 1 2 |  2.2
Air Magic      | 1 2 |  2.2
Earth Magic    | 1 2 |  2.2
Poison Magic   | 1 2 |  2.2
Invocations    | 1 2 |  2.2
Evocations     | 1 2 |  2.2
Conjurations   | 3 |  3.4
Dodging        | 5 |  5.1
Stealth        | |  4.7
Ice Magic      | |  6.9

Action                   |  1- 3 |  4- 6 |  7- 9 || total
-------------------------+-------+-------+-------++-------
Melee: Staff             |       |       |     9 ||     9
 Cast: Freeze            |    29 |    55 |     1 ||    85
       Conjure Flame     |       |     1 |     1 ||     2
       Ozocubu's Armour  |       |     1 |       ||     1
  Use: Potion            |       |       |     2 ||     2
       Scroll            |       |       |     1 ||     1
  Eat: Chunk             |       |     1 |       ||     1
Armor: Robe              |     1 |    10 |     1 ||    12
Dodge: Dodged            |    17 |    55 |     6 ||    78

Table legend:
 A = Spawn XP
 B = Non-spawn XP
 C = Spawn XP percentage of total XP
 D = Spawn monster count
 E = Non-spawn monster count
 F = Spawn count percentage of total count
 G = Total turns spent on level
                    A         B        C        D         E        F      G
               +---------+---------+-------+---------+---------+-------+---------
         Total |       0 |     676 |   0.0 |       0 |      45 |   0.0 |  1284
               +---------+---------+-------+---------+---------+-------+---------
           D:1 |       0 |       2 |   0.0 |       0 |       1 |   0.0 |    59
           D:2 |       0 |      20 |   0.0 |       0 |       5 |   0.0 |    82
           D:3 |       0 |      23 |   0.0 |       0 |      10 |   0.0 |   312
           D:4 |       0 |     307 |   0.0 |       0 |      23 |   0.0 |   753
           D:5 |       0 |     324 |   0.0 |       0 |       6 |   0.0 |    78
               +---------+---------+-------+---------+---------+-------+---------
